 Dungeon Crawl Stone Soup version 0.21-a0-509-gecc5317 (webtiles) character file.

989 Gildeon the Cudgeler (level 7, -15/60 HPs)
             Began as a Pale Draconian Transmuter on Nov 28, 2017.
             Was a Believer of Yredelemnul.
             Hit by a tomahawk thrown by an orc warrior (16 damage)
             ... on level 6 of the Dungeon on Nov 29, 2017.
             The game lasted 00:50:32 (8080 turns).

Gildeon the Cudgeler (Pale Draconian Transmuter)    Turns: 8080, Time: 00:50:33

Health: -15/60     AC: 10    Str: 16    XL:     7   Next: 98%
Magic:  19/19      EV: 12    Int: 14    God:    Yredelemnul [**....]
Gold:   307        SH:  0    Dex: 12    Spells: 0/10 levels left

rFire    . . .     SeeInvis .   p - +1 spear (venom)
rCold    . . .     Gourm    .   (no shield)
rNeg     . . .     Faith    .   (armour unavailable)
rPois    .         Spirit   .   (helmet restricted)
rElec    .         Reflect  .   u - +0 cloak
rCorr    .         Harm     .   m - +0 pair of gloves
MR       .....                  i - +1 pair of boots
Stlth    +.........             e - amulet of rage
HPRegen  0.20/turn              q - ring of magical power
MPRegen  0.16/turn              d - +3 ring of strength

@: no status effects
A: breathe steam, unfitting armour, cold-blooded, AC +6
a: Breathe Steam, Animate Remains, Recall Undead Slaves, Injury Mirror, Renounce
Religion, Evoke Berserk Rage


You were on level 6 of the Dungeon.
You worshipped Yredelemnul.
Yredelemnul was pleased with you.
You were not hungry.

You visited 1 branch of the dungeon, and saw 6 of its levels.

You collected 307 gold pieces.

Inventory:

Hand Weapons
 p - a +1 spear of venom (weapon)
 v - a +0 mace of draining
Missiles
 a - 29 arrows
Armour
 i - a +1 pair of boots (worn)
 m - a +0 pair of gloves (worn)
 u - a +0 cloak (worn)
Jewellery
 d - a +3 ring of strength (right hand)
 e - an amulet of rage (around neck)
 g - an uncursed ring of protection from fire
 q - a ring of magical power (left hand)
Wands
 f - a wand of paralysis (21)
 s - a wand of polymorph (11)
Potions
 c - 2 potions of flight {unknown}
 h - a potion of heal wounds {unknown}
 j - 2 potions of brilliance {unknown}
 k - a potion of haste
 l - a potion of magic
 o - a potion of might
 w - a potion of curing
Books
 b - a book of Changes

   Spells                             Type                      Level
   a - Beastly Appendage              Transmutation                1
   b - Sticks to Snakes               Transmutation                2
   c - Spider Form                    Transmutation/Poison         3
   d - Ice Form                       Ice/Transmutation            4
   e - Blade Hands                    Transmutation                5
Comestibles
 n - a meat ration
 r - a chunk of flesh
 t - 2 royal jellies


   Skills:
 - Level 4.5 Fighting
   Level 2.5 Short Blades
 - Level 5.0 Maces & Flails
 + Level 3.5 Polearms
 - Level 1.7 Dodging
 - Level 5.0 Unarmed Combat
 - Level 2.0 Spellcasting
 - Level 2.0 Transmutations


You couldn't memorise any spells.
You knew the following spells:

 Your Spells              Type           Power        Failure   Level  Hunger
a - Beastly Appendage     Tmut           #.....       11%         1    ##.....
b - Sticks to Snakes      Tmut           #.......     16%         2    ###....
c - Spider Form           Tmut/Pois      #.........   43%         3    ####...
d - Ice Form              Ice/Tmut       #.......     83%         4    #####..


Dungeon Overview and Level Annotations

Branches:
Dungeon (6/15)             Temple (0/1) D:4

Altars:
Ashenzari
Cheibriados
Dithmenos
Hepliaklqana
Sif Muna
Uskayaw
Yredelemnul
The Shining One


Innate Abilities, Weirdness & Mutations

You can breathe blasts of scalding, opaque steam.
Your pale cyan-grey scales are hard. (AC +6)
You cannot fit into any form of body armour.
You are cold-blooded and may be slowed by cold attacks.


Message History

Things that are here:
a leather armour; an orc corpse You barely miss the orc warrior.
The orc hits you but does no damage.
You hit the orc warrior but do no damage.
The orc warrior is poisoned.
The orc warrior closely misses you. The orc hits you but does no damage.
You hit the orc warrior but do no damage.
The orc warrior looks as sick as possible!
The orc warrior hits you with a scimitar!!
You hit the orc warrior but do no damage.
The orc warrior is lightly wounded.
The orc completely misses you.
The orc warrior hits you with a scimitar!!
* * * LOW HITPOINT WARNING * * *
You swap places.
The orc hits your orc zombie with a dagger.
Your orc zombie is destroyed!
The orc warrior throws a tomahawk.
The tomahawk hits you!
You die...
Your body rises from the dead as a mindless zombie.

#.# ######### #.#
############.......#
###.#
#.Z.Z........#######
###...# #Z############
....#Z# #.# (.
.##.#.###.# .#
....#.....## .#
.#######...#######o####.%
....#..........Z@)o$.....
.##.#......########......
<##.#.##.#.# ###..
.##...##.#.# Z####.##.#.#
.####.##.#.#
.#.##.##.#.##
......##....##
.#.#####.....##


You could see an orc warrior, an orc and a friendly jackal zombie.

Vanquished Creatures
  A sky beast (D:2)
  An ice beast (D:6)
  An ogre (D:5)
  A wyvern skeleton (D:6)
  A centaur zombie (D:5)
  Crazy Yiuf (D:5)
  2 hounds (D:5)
  5 orc wizards
  3 orc priests
  4 worker ants
  A hound skeleton (D:4)
  3 adders
  An adder skeleton (D:4)
  5 dart slugs
  2 leopard geckos
  13 orcs
  4 giant cockroaches
  12 hobgoblins
  2 jackals (D:6)
  12 kobolds
  A quokka (D:3)
  A ball python (D:1)
  6 bats
  3 frilled lizards
  13 goblins
  A quokka zombie (D:6)
  3 rats
103 creatures vanquished.

Vanquished Creatures (collateral kills)
  An ogre (D:5)
  A crimson imp (D:5)
  An orc (D:3)
  A kobold (D:3)
4 creatures vanquished.

Vanquished Creatures (others)
  An orc wizard (D:4)
  A giant cockroach zombie (D:4)
  A goblin skeleton (D:2)
  2 goblin zombies (D:3)
  A hobgoblin zombie (D:3)
  A jackal zombie (D:6)
  A kobold zombie (D:3)
  2 orc skeletons
  3 orc zombies
  A rat zombie (D:3)
14 creatures vanquished.

Grand Total: 121 creatures vanquished

Notes
Turn   | Place    | Note
-------+----------+-------------------------------------------
     0 | D:1      | Gildeon the Draconian Transmuter began the quest for the Orb.
     0 | D:1      | Reached XP level 1. HP: 16/16 MP: 3/3
   202 | D:1      | Found a shattered altar of Ashenzari.
   347 | D:1      | Reached XP level 2. HP: 14/23 MP: 3/5
  1420 | D:2      | Learned a level 2 spell: Sticks to Snakes
  1555 | D:2      | Reached XP level 3. HP: 28/28 MP: 4/6
  1915 | D:2      | Learned a level 3 spell: Spider Form
  1977 | D:2      | Found a faded altar of an unknown god.
  1995 | D:2      | Became a worshipper of Yredelemnul the Dark
  1995 | D:2      | Reached * piety under Yredelemnul
  2093 | D:2      | Found a hazy altar of Hepliaklqana.
  2358 | D:2      | Reached skill level 1 in Maces & Flails
  3114 | D:3      | Reached XP level 4. HP: 32/35 MP: 5/7
  3382 | D:3      | Noticed a sky beast
  3395 | D:3      | Reached ** piety under Yredelemnul
  3727 | D:2      | Killed a sky beast
  3727 | D:2      | Reached XP level 5. HP: 20/40 MP: 8/8
  4513 | D:3      | Found a snail-covered altar of Cheibriados.
  5257 | D:4      | Found a staircase to the Ecumenical Temple.
  5306 | D:4      | Found a hide-covered altar of Uskayaw.
  5317 | D:4      | Reached XP level 6. HP: 46/47 MP: 9/9
  5440 | D:4      | Reached skill level 5 in Maces & Flails
  6600 | D:5      | Entered Level 5 of the Dungeon
  6627 | D:5      | Reached skill level 1 in Short Blades
  6710 | D:5      | Your scales start taking on a pale cyan-grey colour.
  6710 | D:5      | Reached XP level 7. HP: 21/55 MP: 10/10
  6718 | D:5      | Reached skill level 5 in Unarmed Combat
  7085 | D:5      | Learned a level 4 spell: Ice Form
  7163 | D:5      | Found a glowing golden altar of the Shining One.
  7188 | D:5      | Found a shadowy altar of Dithmenos.
  7214 | D:5      | Upgraded the game from 0.21-a0-508-gf08a75f to 0.21-a0-509-gecc5317
  7271 | D:5      | Found a deep blue altar of Sif Muna.
  7374 | D:5      | Found a runed door.
  7379 | D:5      | Noticed Crazy Yiuf
  7387 | D:5      | Killed Crazy Yiuf
  7387 | D:5      | Reached skill level 1 in Polearms
  8079 | D:6      | HP: 1/60 [orc warrior/scimitar (18)]
  8080 | D:6      | Hit by a tomahawk thrown by an orc warrior

Vault maps used:
D:1:      nicolae_arrival_somewhat_less_tricky_arrival,
          nicolae_ashenzari_panopticon
D:2:      minmay_diamond_boxcup, nicolae_overflow_crystal_walls,
          chequers_ecumenical_altar_island, kennysheep_generic_room_7
D:3:      lemuel_coloured_pillars_altar, minmay_goblin_outpost
D:4:      eat_drink_and_be_merry_uskayaw, minmay_temple_entry_grid, first_bread
D:5:      grunt_temple_overflow_open, led_sif_pool, serial_glass,
          glass_columns_c, glass_columns_c, uniq_crazy_yiuf_cottage
D:6:      kiku_gazebo_pond_becter, serial_shops, shop, hangedman_decor_slide_cut

Skill      XL: |  1  2  3  4  5  6  7 |
---------------+----------------------+-----
Unarmed Combat | 4 5 |  5.0
Maces & Flails | 1 3 4 5 |  5.0
Fighting       | 2 4 |  4.5
Short Blades   | 2 |  2.5
Polearms       | 3 |  3.5
Dodging        | |  1.7
Spellcasting   | |  2.0
Transmutations | |  2.0

Action                   |  1- 3 |  4- 6 |  7- 9 || total
-------------------------+-------+-------+-------++-------
Melee: Unarmed           |   113 |    15 |    89 ||   217
       Tailslap          |    22 |    37 |    16 ||    75
       Headbutt          |    10 |    16 |     4 ||    30
       Punch             |     2 |     8 |     1 ||    11
       Kick              |     3 |       |       ||     3
       Whip              |    49 |   212 |       ||   261
       Dagger            |       |    17 |       ||    17
       Spear             |       |       |    60 ||    60
 Cast: Beastly Appendage |    20 |     6 |     4 ||    30
       Sticks to Snakes  |       |     2 |       ||     2
Invok: Animate Remains   |     2 |    11 |     7 ||    20
  Use: Scroll            |     3 |     7 |     3 ||    13
       Potion            |       |     4 |       ||     4
 Stab: Distracted        |       |     1 |       ||     1
  Eat: Bread ration      |     2 |     2 |       ||     4
       Chunk             |     1 |     1 |     3 ||     5
       Meat ration       |       |     1 |       ||     1
       Fruit             |       |       |     2 ||     2
Armor: Skin              |    44 |    98 |    46 ||   188
Dodge: Dodged            |   123 |   139 |    71 ||   333

Table legend:
 A = Spawn XP
 B = Non-spawn XP
 C = Spawn XP percentage of total XP
 D = Spawn monster count
 E = Non-spawn monster count
 F = Spawn count percentage of total count
 G = Total turns spent on level
                    A         B        C        D         E        F      G
               +---------+---------+-------+---------+---------+-------+---------
         Total |       0 |    1414 |   0.0 |       0 |     108 |   0.0 |  8080
               +---------+---------+-------+---------+---------+-------+---------
           D:1 |       0 |      35 |   0.0 |       0 |      21 |   0.0 |  1407
           D:2 |       0 |     170 |   0.0 |       0 |      26 |   0.0 |  2175
           D:3 |       0 |     112 |   0.0 |       0 |      20 |   0.0 |  1580
           D:4 |       0 |     183 |   0.0 |       0 |      12 |   0.0 |  1438
           D:5 |       0 |     625 |   0.0 |       0 |      19 |   0.0 |  1020
           D:6 |       0 |     289 |   0.0 |       0 |      10 |   0.0 |   460
               +---------+---------+-------+---------+---------+-------+---------
